 Dungeon Crawl Stone Soup version 0.30.1-4-g462c640d31 (webtiles) character file.

Game seed: 5204411579589648782

7338 growler the Stormcaller (level 11, -2/67 HPs)
             Began as a Tengu Air Elementalist on Aug 12, 2023.
             Was a Believer of Vehumet.
             Shot with an arrow by a centaur warrior (19 damage)
             ... on level 8 of the Dungeon.
             The game lasted 00:32:11 (10779 turns).

growler the Stormcaller (Tengu Air Elementalist)   Turns: 10779, Time: 00:32:12

Health: -2/67      AC:  5    Str:  9    XL:     11   Next: 13%
Magic:  14/31      EV: 12    Int: 20    God:    Vehumet [**....]
Gold:   210        SH: 10    Dex: 14    Spells: 14/24 levels left

rFire   . . .        K - +1 short sword (venom)
rCold   + . .        D - +1 kite shield
rNeg    . . .        J - +2 robe {rC+}
rPois   .            (helmet restricted)
rElec   .            h - +0 cloak
rCorr   .            (no gloves)
SInv    .            (boots unavailable)
Will    .....        q - amulet of regeneration
Stlth   ++           r - ring of magical power
HPRegen 1.11/turn    (no ring)
MPRegen 0.22/turn

%: no passive effects
@: flying quickly and evasively, quick
A: beak, talons 3, nimble flight
a: Renounce Religion


You were on level 8 of the Dungeon.
You worshipped Vehumet.
Vehumet was pleased with you.
You visited 2 branches of the dungeon, and saw 9 of its levels.

You collected 410 gold pieces.
You spent 200 gold pieces at shops.

Inventory:

Hand Weapons
 K - a +1 short sword of venom (weapon)
Armour
 a - a +0 robe
 h - a +0 cloak (worn)
 p - a +2 robe of positive energy
 D - a +1 kite shield (worn)
 J - a +2 robe of cold resistance (worn)
Jewellery
 k - a ring of resist corrosion
 q - an amulet of regeneration (around neck)
 r - a ring of magical power (left hand)
 x - an amulet of faith
 y - an amulet of reflection
 C - a +5 ring of evasion
 F - a ring of protection from cold
Wands
 u - a wand of flame (11)
 I - a wand of charming (10)
Scrolls
 c - a scroll of identify
 e - a scroll of fog {unknown}
 g - 6 scrolls of teleportation
 j - a scroll of blinking {unknown}
 l - a scroll of brand weapon {unknown}
 n - a scroll of fear
 o - a scroll of enchant armour
 s - a scroll of poison {unknown}
 A - 2 scrolls of enchant weapon
 B - a scroll of immolation {unknown}
 H - a scroll of magic mapping {unknown}
 L - a scroll of noise {unknown}
Potions
 b - a potion of magic
 d - 3 potions of curing
 f - 3 potions of heal wounds
 i - 4 potions of flight
 m - a potion of haste
 t - 2 potions of attraction
 v - a potion of degeneration
 w - a potion of brilliance
 z - a potion of invisibility
 E - a potion of berserk rage
 G - a potion of lignification


   Skills:
 + Level 7.1 Fighting
 - Level 2.1 Dodging
 - Level 2.0 Stealth
 + Level 4.5 Shields
 - Level 7.0 Spellcasting
 - Level 1.3 Conjurations
 + Level 16.3 Air Magic


You had 14 spell levels left.
You knew the following spells:

 Your Spells              Type           Power      Damage    Failure   Level
a - Shock                 Conj/Air       100%       1d9       1%          1
b - Static Discharge      Conj/Air       84%        2-6/arc   1%          2
c - Swiftness             Air            64%        N/A       1%          3
d - Airstrike             Air            32%        2d(5-21)  1%          4

Your spell library contained the following spells:

 Spells                   Type           Power      Damage    Failure   Level
 Poisonous Vapours        Pois/Air       78%        N/A       2%          2
 Lesser Beckoning         Tloc           14%        N/A       54%         2
 Frozen Ramparts          Ice            14%        1d3       78%         3
 Gell's Gravitas          Tloc           7%         N/A       78%         3
 Teleport Other           Tloc           7%         N/A       78%         3
 Ice Form                 Ice/Tmut       7%         N/A       99%         4
 Summon Ice Beast         Ice/Summ       7%         N/A       99%         4


Dungeon Overview and Level Annotations

Branches:
Dungeon (8/15)             Temple (1/1) D:5
   Lair: D:8-11

Altars:
Ashenzari
Cheibriados
Dithmenos
Elyvilon
Fedhas
Makhleb
Nemelex Xobeh
Okawaru
Sif Muna
Uskayaw
Vehumet
Yredelemnul
The Shining One

Shops:
D:4 =   D:6 *   D:7 *


Innate Abilities, Weirdness & Mutations

You have a beak for a mouth.
You have claws for feet.
Your magical nature lets you fly swiftly and evasively.


Message History

You block the slime creature's attack.
Casting: Static Discharge (safe; 1% risk of failure)
Confirm with . or Enter, or press ? or * to list all spells.
The slime creature is struck by an arc of lightning.
The slime creature is almost dead.
You are struck by an arc of lightning.
The slime creature is struck by an arc of lightning.
You kill the slime creature!
Vehumet accepts your kill.
The lightning grounds out.
HP restored.
A centaur warrior comes into view.
Casting: Static Discharge (safe; 1% risk of failure)
Confirm with . or Enter, or press ? or * to list all spells.
Aiming: Airstrike (dangerous; 1% risk of failure)
Press: ? - help, Dir - move target, f - centaur warrior
Aim: a centaur warrior (wandering, hasn't noticed you, empty space bonus: 3/8)
The air twists around and strikes the centaur warrior!
The centaur warrior is lightly wounded.
The centaur warrior wields a +0 shortbow.
The centaur warrior shoots an arrow.
The arrow hits you!!
Casting: Airstrike (dangerous; 1% risk of failure)
Confirm with . or Enter, or press ? or * to list all spells.
Aiming: Airstrike (dangerous; 1% risk of failure)
Press: ? - help, Dir - move target, f/p - centaur warrior
Aim: a centaur warrior, wielding a +0 shortbow (lightly wounded, empty space bonus: 3/8)
The air twists around and strikes the centaur warrior!
The centaur warrior is heavily wounded.
The centaur warrior shoots an arrow.
The arrow hits you!
Casting: Airstrike (dangerous; 1% risk of failure)
Confirm with . or Enter, or press ? or * to list all spells.
Aiming: Airstrike (dangerous; 1% risk of failure)
Press: ? - help, Dir - move target, f/p - centaur warrior
Aim: a centaur warrior, wielding a +0 shortbow (heavily wounded, empty space bonus: 3/8)
The air twists around and strikes the centaur warrior!
The centaur warrior is heavily wounded.
The centaur warrior shoots an arrow.
The arrow hits you!!
* * * LOW HITPOINT WARNING * * *
The centaur warrior shoots an arrow.
The arrow hits you!!
You die...

.... ## ..# .## .# ##.##..... ..
#.# ##.......# #.
###.####..#####.# # ...8....c####
#.# # ###.####....# #.#
#.#.#.###...###.####### ###.
#.##.###...@........#
..9###.###.....###.#####.########
...##...##.....##...........#...#
#..#.....#).####.....###........#
##...#.....## ##....# ####.#...#
#####.##### ##.#.# #.##.## #.#
#.#.######.##.# #.#####
#.#........##.# #.....#
##+###########.#


You could see a centaur warrior.

Vanquished Creatures
  A centaur warrior (D:8)
  A two-headed ogre (D:8)
  Erica (D:8)
  Pikel (D:6)
  Joseph (D:7)
  Psyche (D:8)
  A gargoyle (D:8)
  Prince Ribbit (D:5)
  A hornet (D:8)
  A slime creature (D:8)
  6 yaks (D:8)
  An acid dragon (D:7)
  An orc warrior (D:8)
  A water moccasin (D:7)
  2 ice beasts
  A sky beast (D:7)
  A black bear (D:6)
  3 centaurs
  A phantom (D:5)
  Blork the orc (D:5)
  2 kobold brigands
  4 bullfrogs
  A gnoll sergeant (D:7)
  2 scorpions
  3 wights (D:6)
  3 killer bees (D:8)
  3 howler monkeys
  4 hounds
  2 jellies
  4 orc priests
  Ijyb (D:4)
  Jessica (D:3)
  A sleepcap (D:5)
  3 iguanas
  6 orc wizards
  2 adders
  6 gnolls (D:7)
  2 shadow imps
  An ufetubus (D:5)
  2 dart slugs
  2 worms
  23 orcs
  9 endoplasms
  5 giant cockroaches
  6 goblins
  8 hobgoblins
  4 jackals (D:3)
  2 quokkas (D:5)
  6 ball pythons
  5 bats
  A frilled lizard (D:1)
  20 kobolds
  6 rats
178 creatures vanquished.

Notes
Turn   | Place    | Note
-------+----------+-------------------------------------------
     0 | D:1      | growler the Tengu Air Elementalist began the quest for the
                  | Orb.
     0 | D:1      | Reached XP level 1. HP: 10/10 MP: 4/4
   159 | D:1      | Reached XP level 2. HP: 15/15 MP: 0/6
   162 | D:1      | Learned a level 2 spell: Static Discharge
   799 | D:1      | Found a faded altar of an unknown god.
  1227 | D:1      | Reached XP level 3. HP: 7/19 MP: 3/7
  1432 | D:1      | Learned a level 3 spell: Swiftness
  1958 | D:2      | Reached skill level 5 in Air Magic
  2853 | D:3      | Reached XP level 4. HP: 24/24 MP: 0/9
  3321 | D:3      | Noticed Jessica
  3324 | D:3      | Killed Jessica
  3452 | D:3      | Gained mutation: Your magical nature lets you fly swiftly
                  | and evasively. [Tengu growth]
  3452 | D:3      | Reached XP level 5. HP: 28/28 MP: 6/11
  3729 | D:4      | Found Tische Jodoibb's Jewellery Shop.
  3744 | D:4      | Reached skill level 6 in Air Magic
  3785 | D:4      | Bought a ring of magical power for 200 gold pieces
  4465 | D:4      | Noticed Ijyb
  4484 | D:4      | Killed Ijyb
  4770 | D:4      | Learned a level 4 spell: Airstrike
  4779 | D:5      | Entered Level 5 of the Dungeon
  4779 | D:5      | Noticed a centaur
  4785 | D:5      | Killed a centaur
  4786 | D:5      | Reached skill level 7 in Air Magic
  4786 | D:5      | Reached XP level 6. HP: 11/32 MP: 13/13
  4846 | D:5      | Noticed Prince Ribbit
  4871 | D:5      | Killed Prince Ribbit
  4872 | D:5      | Reached skill level 8 in Air Magic
  4872 | D:5      | Reached XP level 7. HP: 36/36 MP: 14/14
  4930 | D:5      | Reached skill level 9 in Air Magic
  5024 | D:5      | Noticed Blork the orc
  5026 | D:5      | Killed Blork the orc
  5162 | D:5      | Found a staircase to the Ecumenical Temple.
  5172 | Temple   | Entered the Ecumenical Temple
  5256 | Temple   | Became a worshipper of Vehumet
  5419 | D:5      | Reached skill level 10 in Air Magic
  6163 | D:6      | Reached skill level 11 in Air Magic
  6163 | D:6      | Reached XP level 8. HP: 41/41 MP: 15/15
  6230 | D:6      | Found Wuoset's General Store.
  6421 | D:6      | Reached skill level 12 in Air Magic
  6501 | D:6      | Reached skill level 1 in Fighting
  7019 | D:6      | Reached * piety under Vehumet
  7019 | D:6      | Offered knowledge of Kiss of Death by Vehumet.
  7325 | D:6      | Reached XP level 9. HP: 49/49 MP: 17/17
  7375 | D:6      | Noticed Pikel
  7383 | D:6      | Killed Pikel
  7384 | D:6      | Reached skill level 5 in Spellcasting
  7384 | D:6      | Reached skill level 13 in Air Magic
  8010 | D:7      | Reached skill level 14 in Air Magic
  8084 | D:7      | Noticed Joseph
  8153 | D:7      | Killed Joseph
  8312 | D:7      | Found Ofucil's Fire Supplies.
  8885 | D:7      | Reached XP level 10. HP: 58/58 MP: 20/20
  9276 | D:8      | Noticed Erica
  9290 | D:8      | Killed Erica
  9290 | D:8      | Offered knowledge of Poisonous Vapours by Vehumet.
  9291 | D:8      | Reached skill level 5 in Fighting
  9291 | D:8      | Reached skill level 15 in Air Magic
  9399 | D:8      | Reached ** piety under Vehumet
  9510 | D:8      | Noticed a two-headed ogre
  9517 | D:8      | Killed a two-headed ogre
  9518 | D:8      | Reached skill level 1 in Shields
  9827 | D:8      | Noticed Psyche
  9829 | D:8      | Killed Psyche
 10284 | D:8      | Reached skill level 16 in Air Magic
 10396 | D:8      | Noticed a gargoyle
 10462 | D:8      | Noticed a centaur warrior
 10469 | D:8      | Killed a centaur warrior
 10470 | D:8      | Reached XP level 11. HP: 44/66 MP: 14/22
 10769 | D:8      | Noticed a centaur warrior
 10779 | D:8      | Shot with an arrow by a centaur warrior

Illustrated notes

Levels and vault maps discovered:
D:1:      shiori_shiawase, layout_basic, ebering_ecumenical_altar_abandoned,
          kennysheep_decorative_pillar, kennysheep_flooded_box, minmay_quantized
D:2:      layout_basic
D:3:      kennysheep_big_flooded_room, layout_rooms, uniq_jessica
D:4:      layout_cave_pods, serial_shops, shop, uniq_ijyb
D:5:      layout_gridville, minmay_temple_entry_grid, uniq_blork_the_orc,
          uniq_prince_ribbit1
D:6:      layout_basic, serial_shops, nicolae_stop_n_shop_1, nicolae_titane,
          uniq_pikel
D:7:      layout_basic, nicolae_shop_fire_sale [nicolae_sub_dead_trees],
          nicolae_grassy_gnolls, uniq_joseph
D:8:      layout_loops_corners, nicolae_wwwww, kb_rosetta, uniq_erica,
          uniq_psyche
Temple:   nicolae_temple_ecumenical_triangle

Skill      XL: |  1  2  3  4  5  6  7  8  9 10 11 |
---------------+----------------------------------+-----
Air Magic      | 5 7 8 11 12 14 16 | 16.3
Spellcasting   | 3 4 6 7 |  7.0
Fighting       | 2 4 6 7 |  7.1
Shields        | 4 |  4.5
Dodging        | |  2.1
Stealth        | |  2.0
Conjurations   | |  1.3

Action                     |  1- 3 |  4- 6 |  7- 9 | 10-12 || total
---------------------------+-------+-------+-------+-------++-------
  Melee: Unarmed           |       |     4 |     3 |       ||     7
         Kick              |       |     1 |     3 |       ||     4
         Peck              |       |     1 |       |       ||     1
         Short sword       |       |       |       |     1 ||     1
   Cast: Shock             |   114 |    72 |     9 |     7 ||   202
         Static Discharge  |       |    11 |    32 |    13 ||    56
         Airstrike         |       |       |    87 |    58 ||   145
  Evoke: Wand              |       |       |       |     1 ||     1
    Use: Scroll            |       |       |     9 |     5 ||    14
         Potion            |       |       |       |     1 ||     1
   Stab: Sleeping          |       |       |     1 |       ||     1
 Armour: Robe              |     5 |     3 |    10 |     2 ||    20
  Dodge: Dodged            |    16 |    13 |    12 |     6 ||    47
  Block: Kite shield       |       |       |     7 |     4 ||    11
